[Event "Titled Tuesday Blitz January 17 Early 2023"]
[White "Todorovic, Bojan"]
[Black "Ezat, Mohamed"]
[WhiteFideId "917087"]
[BlackFideId "10600906"]
[WhiteElo "2195"]
[BlackElo "2402"]
[Result "1-0"]
[Round "05"]
[TimeControl "180+2"]
[Date "2023.01.17"]
[WhiteClock "0:02:18"]
[BlackClock "0:02:30"]

1. d4 d5 2. c4 e6 3. Nc3 Nf6 4. cxd5 Nxd5 5. e4 Nxc3 6. bxc3 c5 7. Nf3 cxd4 8. cxd4 Bb4+ 9. Bd2 Bxd2+ 10. Qxd2 O-O 11. Bc4 Nc6 12. O-O b6 13. Rfd1 Bb7 14. Qe3 1-0


[Site "https://www.chess.com"]

[Event "Titled Tuesday Blitz January 17 Early 2023"]
[White "Alfaro, William"]
[Black "Biastoch, Bennet"]
[WhiteFideId "6100457"]
[BlackFideId "12939889"]
[WhiteElo "2134"]
[BlackElo "2257"]
[Result "1/2-1/2"]
[Round "05"]
[TimeControl "180+2"]
[Date "2023.01.17"]
[WhiteClock "0:00:10"]
[BlackClock "0:00:34"]

1. Nf3 d5 2. g3 g6 3. Bg2 Bg7 4. O-O e5 5. d3 Ne7 6. e4 O-O 7. Nbd2 c6 8. Re1 Bg4 9. h3 Bxf3 10. Nxf3 Nd7 11. Bg5 h6 12. Bd2 Kh7 13. Qe2 d4 14. Nh4 Bf6 15. Nf3 c5 16. c4 Rb8 17. Nh2 b5 18. b3 bxc4 19. dxc4 Nc6 20. Rad1 Bg5 21. f4 exf4 22. gxf4 Bh4 23. Rf1 f5 24. e5 Ne7 25. Nf3 Ng8 26. Nh2 Rb6 27. Bd5 Ne7 28. Ba5 Qe8 29. Bxb6 Nxb6 30. Bg2 Nc6 31. Qf3 Nd8 32. b4 Qe7 33. bxc5 Qxc5 34. Qd3 Ne6 35. Nf3 Be7 36. Nd2 Rd8 37. Kh1 Qc7 38. Rc1 Nc5 39. Qg3 Rg8 40. Nb3 Qd8 41. Rfd1 Ne6 42. c5 Nd5 43. c6 Ndxf4 44. c7 Qc8 45. Nxd4 Nxd4 46. Qxf4 Ne2 47. Qc4 Nxc1 48. Rxc1 Bg5 49. Rd1 Rg7 50. e6 Qxc7 51. Qxc7 Rxc7 52. Rd7+ Rxd7 53. exd7 Kg7 54. Bd5 Be7 55. Kg2 Kf6 56. Kf3 Ke5 57. Bf7 g5 58. Bb3 Kd6 59. Ba4 h5 60. Bb5 Kc7 61. Ba4 Bd6 62. Bc2 g4+ 63. hxg4 fxg4+ 64. Kg2 h4 65. Bf5 g3 66. Kh3 Be7 67. Bg4 Kd6 68. Bf5 Ke5 69. Bg4 Kf4 70. Be6 Kf3 71. Bd5+ Kf2 72. Bb7 Bd8 73. Bc6 a5 74. Bd5 a4 75. Bc6 a3 76. Bd5 Ke2 77. Bc6 Kd3 78. Bd5 Kd4 79. Bb3 Kc5 80. Be6 Kd6 81. Bg4 Ke5 82. Bd1 Ke6 83. Bg4+ Kd5 84. Bd1 Kc6 85. Bg4 Kc5 86. Bd1 Kb4 87. Bb3 Kc3 88. Kg2 Kd4 89. Be6 Ke5 90. Bb3 Kf5 91. Bd1 Kg5 92. Bb3 Bc7 93. Bd1 Kf5 94. Bb3 Bd8 95. Bd1 Ke6 96. Bg4+ Kd6 97. Bf5 Kd5 98. Bg4 Kd4 99. Bf5 Kc4 100. Be6+ Kc3 101. Bb3 Kd2 102. Be6 Ke2 103. Bc4+ Ke3 104. Be6 Kf4 105. Bb3 h3+ 106. Kxh3 Kf3 107. Bd5+ Kf2 108. Bg2 Be7 109. Bd5 1/2-1/2


[Site "https://www.chess.com"]

[Event "Titled Tuesday Blitz January 17 Early 2023"]
[White "Reprintsev, Alexander"]
[Black "Bommini, Mounika Akshaya"]
[WhiteFideId "14100541"]
[BlackFideId "25019872"]
[WhiteElo "2253"]
[BlackElo "2118"]
[Result "0-1"]
[Round "05"]
[TimeControl "180+2"]
[Date "2023.01.17"]
[WhiteClock "0:01:07"]
[BlackClock "0:00:09"]

1. e4 c5 2. b3 e5 3. Bb2 Nc6 4. f4 exf4 5. Qf3 Qh4+ 6. g3 fxg3 7. hxg3 Qe7 8. Bc4 d6 9. Ne2 Nf6 10. Bxf6 gxf6 11. Nbc3 Ne5 12. Qh5 Bg4 13. Qh4 Nf3+ 14. Kd1 Nxh4 15. Rxh4 Bxe2+ 16. Kxe2 O-O-O 17. Rf1 Bg7 18. Rf5 Rde8 19. d3 Qd7 20. Kd1 Re5 21. Rhh5 Rxf5 22. Rxf5 h5 23. Bb5 Qe6 24. Bc4 Qe8 25. Bb5 Qg8 26. Nd5 Bf8 27. Nxf6 Qxg3 28. Bd7+ Kb8 29. Be8 Qg1+ 30. Kd2 Qg2+ 31. Kc3 Bg7 32. Bxf7 Bxf6+ 33. Rxf6 Qg7 34. e5 dxe5 35. Rf1 e4+ 36. Kd2 exd3 37. cxd3 Rf8 0-1


[Site "https://www.chess.com"]

[Event "Titled Tuesday Blitz January 17 Early 2023"]
[White "Gheorghiu, Calin"]
[Black "parintele_chess"]
[WhiteFideId "1200305"]
[WhiteElo "2313"]
[BlackElo "2259"]
[Result "1-0"]
[Round "05"]
[TimeControl "180+2"]
[Date "2023.01.17"]
[WhiteClock "0:01:27"]
[BlackClock "0:00:44"]

1. e4 e5 2. Nf3 Nc6 3. Bb5 a6 4. Ba4 Nf6 5. d3 b5 6. Bb3 Bc5 7. O-O O-O 8. c3 d6 9. Bg5 h6 10. Bh4 Bg4 11. h3 Bh5 12. Bd5 Ne7 13. Bxa8 Qxa8 14. Bxf6 gxf6 15. g4 Bg6 16. Nbd2 Kh7 17. Nh4 Rg8 18. Qf3 f5 19. exf5 Qxf3 20. fxg6+ Kh8 21. Ndxf3 Ra8 22. d4 Ba7 23. dxe5 Nc6 24. exd6 Nb8 25. Rfe1 Be3 26. Rxe3 h5 27. gxf7 Kh7 28. f8=Q Nc6 29. Ng5# 1-0


[Site "https://www.chess.com"]

[Event "Titled Tuesday Blitz January 17 Early 2023"]
[White "Kiseleva, Arina"]
[Black "Womacka, Mathias"]
[WhiteFideId "4164989"]
[BlackFideId "4611390"]
[WhiteElo "1962"]
[BlackElo "2396"]
[Result "0-1"]
[Round "05"]
[TimeControl "180+2"]
[Date "2023.01.17"]
[WhiteClock "0:00:01"]
[BlackClock "0:00:13"]

1. d4 Nf6 2. Nf3 e6 3. e3 c5 4. Bd3 d5 5. O-O Nc6 6. b3 cxd4 7. exd4 Be7 8. Bb2 O-O 9. a3 b6 10. Qe2 Bb7 11. Nbd2 Qc7 12. Ne5 Rac8 13. f4 Bd6 14. Rf3 Ne7 15. Rh3 g6 16. Re1 Ne4 17. Bxe4 dxe4 18. c4 f6 19. Ng4 Bxf4 20. Nxe4 Bxe4 21. Qxe4 e5 22. dxe5 f5 23. Qxf4 fxg4 24. Qxg4 Nf5 25. e6 Qc5+ 26. Kh1 Qf2 27. Bc3 Ne3 28. Rf3 Nxg4 29. Rxf2 Nxf2+ 30. Kg1 Nd3 0-1


[Site "https://www.chess.com"]

[Event "Titled Tuesday Blitz January 17 Early 2023"]
[White "Tokhirjonova, Gulrukhbegim"]
[Black "Rodrigues, Leonardo De Miranda"]
[WhiteFideId "14203626"]
[BlackFideId "2108658"]
[WhiteElo "2340"]
[BlackElo "2112"]
[Result "1-0"]
[Round "05"]
[TimeControl "180+2"]
[Date "2023.01.17"]
[WhiteClock "0:00:13"]
[BlackClock "0:00:13"]

1. e4 c6 2. d4 d5 3. e5 Bf5 4. Nf3 e6 5. Be2 Nd7 6. O-O Ne7 7. Nbd2 h6 8. Nb3 Bh7 9. a4 Nf5 10. a5 c5 11. dxc5 Bxc5 12. Bb5 Be7 13. a6 bxa6 14. Rxa6 O-O 15. c4 Nb8 16. Ra1 dxc4 17. Bxc4 Qxd1 18. Rxd1 Nc6 19. Rd7 Bb4 20. Bb5 Nce7 21. g4 a6 22. Bf1 Rfd8 23. Rxd8+ Rxd8 24. gxf5 Bxf5 25. Bd2 Nd5 26. Rxa6 Be4 27. Nfd4 Bxd2 28. Nxd2 Nf4 29. Nxe4 Rxd4 30. Nc3 Rd2 31. b4 Rc2 32. Rc6 Rc1 33. b5 g5 34. f3 h5 35. Kf2 Rc2+ 36. Ne2 Rb2 37. b6 Nd3+ 38. Ke3 Nxe5 39. Rc8+ Kg7 40. Rb8 f5 41. Nd4 f4+ 42. Ke4 Kf6 43. b7 Nd7 44. Rc8 Rxb7 45. Rc6 Ke7 46. Rxe6+ Kd8 47. Rh6 Ne5 48. Kxe5 Re7+ 49. Ne6+ Kd7 50. Kf5 Rg7 51. Nxg7 Ke7 52. Nxh5 Kf7 53. Kxg5 Ke8 54. Kxf4 Kf7 55. Bc4+ Ke7 56. Re6+ Kd7 57. Nf6+ Kd8 58. Ra6 Kc7 59. Be6 Kb7 60. Rd6 Kc7 61. Ke5 Kb7 62. h4 Kc7 63. h5 Kb7 64. h6 Kc7 65. h7 Kb7 66. h8=Q Kc7 67. Qc8# 1-0


[Site "https://www.chess.com"]

[Event "Titled Tuesday Blitz January 17 Early 2023"]
[White "Better_Chess_Faster"]
[Black "Wahedi, Ahmad Siar"]
[BlackFideId "4651260"]
[WhiteElo "2030"]
[BlackElo "2274"]
[Result "0-1"]
[Round "05"]
[TimeControl "180+2"]
[Date "2023.01.17"]
[WhiteClock "0:00:32"]
[BlackClock "0:01:19"]

1. d4 d5 2. c4 c6 3. Nf3 Nf6 4. e3 Bf5 5. Nc3 e6 6. Nh4 Bg4 7. Qb3 Qb6 8. h3 Bh5 9. g4 Bg6 10. Nxg6 hxg6 11. Bg2 Nbd7 12. g5 Ng8 13. Bd2 Ne7 14. c5 Qc7 15. Qc2 e5 16. O-O-O O-O-O 17. Kb1 Nf5 18. Bc1 exd4 19. exd4 Re8 20. Bxd5 cxd5 21. Nxd5 Qc6 22. Nb4 Qe4 23. Qxe4 Rxe4 24. Nc2 Be7 25. b4 Bd8 26. d5 Bc7 27. d6 Bd8 28. Be3 Nxe3 29. fxe3 Bxg5 30. Rd3 Ne5 31. b5 Nxd3 32. c6 bxc6 33. bxc6 Ne5 34. Nd4 Bxe3 35. d7+ Kc7 36. Nb5+ Kxc6 37. Nc3 Rc4 0-1


[Site "https://www.chess.com"]

[Event "Titled Tuesday Blitz January 17 Early 2023"]
[White "Wilson, Elvin"]
[Black "Zemlyanskii, Ivan"]
[WhiteFideId "2014874"]
[BlackFideId "24249971"]
[WhiteElo "2183"]
[BlackElo "2300"]
[Result "1-0"]
[Round "05"]
[TimeControl "180+2"]
[Date "2023.01.17"]
[WhiteClock "0:00:04"]
[BlackClock "0:00:02"]

1. c4 e6 2. g3 d5 3. Bg2 Nf6 4. Nf3 d4 5. O-O c5 6. b4 a6 7. d3 Nc6 8. bxc5 Bxc5 9. Nbd2 O-O 10. Nb3 Be7 11. e3 e5 12. exd4 exd4 13. Bb2 Bg4 14. h3 Bxf3 15. Bxf3 Qd7 16. Kg2 Rad8 17. Re1 Bb4 18. Re2 Bc3 19. Rc1 Bxb2 20. Rxb2 Qd6 21. Bxc6 bxc6 22. c5 Qc7 23. Rc4 Rd5 24. Nxd4 Rfd8 25. Rbb4 h5 26. Qa4 a5 27. Rb6 Rxc5 28. Rxc5 Qxb6 29. Qc4 Qb2 30. Nxc6 Qb7 31. Kh2 Re8 32. Rb5 Qc7 33. Nxa5 Qa7 34. Kg2 Re2 35. d4 Qe7 36. Qc6 Rxa2 37. Qf3 Ra3 38. Rb8+ Kh7 39. Qf5+ g6 40. Nc6 Qe2 41. Qxf6 Qe4+ 42. Kh2 Ra1 43. Qh8# 1-0


[Site "https://www.chess.com"]

[Event "Titled Tuesday Blitz January 17 Early 2023"]
[White "Ruiz Castillo, Joshua Daniel"]
[Black "Jiganchine, Roman"]
[WhiteFideId "4400704"]
[BlackFideId "2603667"]
[WhiteElo "2459"]
[BlackElo "2205"]
[Result "1/2-1/2"]
[Round "05"]
[TimeControl "180+2"]
[Date "2023.01.17"]
[WhiteClock "0:00:30"]
[BlackClock "0:00:22"]

1. d4 d5 2. Nf3 Nf6 3. Bf4 c5 4. e3 e6 5. Nbd2 Nc6 6. c3 Bd6 7. Bg3 O-O 8. Bd3 Qe7 9. Ne5 Nd7 10. Nxd7 Qxd7 11. Bxd6 Qxd6 12. dxc5 Qxc5 13. O-O g6 14. e4 Qb6 15. exd5 exd5 16. Rb1 Ne5 17. Bc2 Be6 18. h3 Rac8 19. Nf3 Nc4 20. Qc1 Qd6 21. Nd4 Rfe8 22. Re1 a6 23. Bd3 Ne5 24. Qf4 Nc4 25. Qxd6 Nxd6 26. Re5 Nc4 27. Bxc4 dxc4 28. Rbe1 Bd7 29. Rxe8+ Rxe8 30. Rxe8+ Bxe8 31. f4 Kf8 32. Kf2 Ke7 33. Ke3 Kd6 34. g4 Bd7 35. Nf3 f6 36. Kd4 Bc6 37. Nd2 b5 38. g5 Ke6 39. a4 fxg5 40. fxg5 Kf5 41. Kc5 Be8 42. axb5 axb5 43. Nf3 Kf4 44. Nd4 Kxg5 45. Nxb5 Kh4 46. Nd6 Bd7 47. Nxc4 Kxh3 48. Ne5 Be6 49. b4 g5 50. b5 g4 51. b6 Bc8 52. Kc6 g3 53. Kc7 Ba6 54. b7 Bxb7 55. Kxb7 g2 56. Nf3 Kg3 57. Ng1 Kf2 58. Nh3+ Kg3 59. Ng1 Kf2 60. Nh3+ Kg3 61. Ng1 1/2-1/2


[Site "https://www.chess.com"]

[Event "Titled Tuesday Blitz January 17 Early 2023"]
[White "Carrasco Miranda, Andres"]
[Black "Arabidze, Meri"]
[WhiteFideId "3405990"]
[BlackFideId "13604040"]
[WhiteElo "2240"]
[BlackElo "2441"]
[Result "0-1"]
[Round "05"]
[TimeControl "180+2"]
[Date "2023.01.17"]
[WhiteClock "0:02:09"]
[BlackClock "0:02:29"]

1. d4 f5 2. Nf3 Nf6 3. g3 e6 4. Bg2 d5 5. O-O Bd6 6. c4 c6 7. Nc3 O-O 8. Qc2 Ne4 9. Rb1 Qe7 10. c5 Bc7 11. Bf4 Bxf4 12. gxf4 Kh8 13. b4 a6 14. a4 Bd7 15. b5 Nxc3 16. Qxc3 cxb5 17. axb5 Bxb5 18. Rxb5 axb5 19. Rb1 Ra2 20. Rxb5 Rxe2 21. Bf1 Re4 22. Ne5 Nc6 23. Nxc6 bxc6 24. Rb6 Rxf4 25. Rxc6 Qg5+ 26. Kh1 Rxf2 27. Bg2 Qxg2# 0-1


[Site "https://www.chess.com"]

[Event "Titled Tuesday Blitz January 17 Early 2023"]
[White "Bobkov, Vadim"]
[Black "Ruiz Aguilar, Pablo Alexander"]
[WhiteFideId "34110876"]
[BlackFideId "4401352"]
[WhiteElo "2249"]
[BlackElo "2161"]
[Result "0-1"]
[Round "05"]
[TimeControl "180+2"]
[Date "2023.01.17"]
[WhiteClock "0:00:01"]
[BlackClock "0:00:02"]

1. d4 d5 2. c4 c6 3. cxd5 cxd5 4. Bg5 Nc6 5. Nc3 h6 6. Bh4 g5 7. Bg3 Bg7 8. e3 Nf6 9. Bd3 a6 10. Rc1 Bg4 11. f3 Be6 12. Qb3 Ra7 13. Nge2 O-O 14. O-O Na5 15. Qd1 b5 16. b3 Qb6 17. Bf2 Rc7 18. e4 Rfc8 19. e5 Nd7 20. f4 gxf4 21. Qd2 Nc6 22. Nxf4 Nb4 23. Bb1 Qb7 24. a3 Nc6 25. Ncxd5 Bxd5 26. Nxd5 e6 27. Nxc7 Rxc7 28. Be3 Ne7 29. Bxh6 Rxc1 30. Qxc1 Qd5 31. Qg5 Qxd4+ 32. Kh1 Qxe5 33. Qxe5 Nxe5 34. Bxg7 Kxg7 35. Rc1 Nd5 36. Rc8 Ng4 37. h3 Nf2+ 38. Kh2 Nd1 39. Ra8 N1c3 40. Bd3 Na2 41. Rxa6 Nc1 0-1


[Site "https://www.chess.com"]

[Event "Titled Tuesday Blitz January 17 Early 2023"]
[White "Ordekalog"]
[Black "Kaminski, Victor"]
[BlackFideId "1131630"]
[WhiteElo "2578"]
[BlackElo "2247"]
[Result "1-0"]
[Round "05"]
[TimeControl "180+2"]
[Date "2023.01.17"]
[WhiteClock "0:01:00"]
[BlackClock "0:00:11"]

1. e4 e5 2. Nf3 Nc6 3. Bb5 a6 4. Bxc6 dxc6 5. O-O Bg4 6. h3 h5 7. d3 Qf6 8. Nbd2 Ne7 9. Re1 Ng6 10. d4 Bxf3 11. Nxf3 exd4 12. e5 Qe6 13. Nxd4 Qd5 14. e6 O-O-O 15. Be3 fxe6 16. Qe2 Nh4 17. Qf1 Bc5 18. Rad1 Qxa2 19. Ra1 Qd5 20. Red1 Nf5 21. Nxf5 Qxf5 22. Rxa6 bxa6 23. Qxa6+ Kb8 24. Ra1 Bxe3 25. Qa8# 1-0


[Site "https://www.chess.com"]

[Event "Titled Tuesday Blitz January 17 Early 2023"]
[White "Levitan, Caleb Levi"]
[Black "Hamley, Ryan"]
[WhiteFideId "14332620"]
[BlackFideId "30959497"]
[WhiteElo "2129"]
[BlackElo "2092"]
[Result "1/2-1/2"]
[Round "05"]
[TimeControl "180+2"]
[Date "2023.01.17"]
[WhiteClock "0:00:05"]
[BlackClock "0:00:02"]

1. e4 e5 2. Nf3 Nc6 3. Bb5 a6 4. Ba4 Nf6 5. Qe2 b5 6. Bb3 Bc5 7. c3 d6 8. O-O O-O 9. Rd1 Bb6 10. d3 h6 11. Be3 Bxe3 12. Qxe3 Re8 13. Nbd2 Bb7 14. Nh4 Ne7 15. Qg3 Qc8 16. h3 Nh5 17. Qe3 d5 18. exd5 Nxd5 19. Bxd5 Bxd5 20. c4 bxc4 21. dxc4 Bb7 22. Ndf3 Qe6 23. c5 Nf4 24. Re1 f6 25. Nd4 Qd5 26. Ndf3 Rad8 27. Rad1 Qxa2 28. Rxd8 Rxd8 29. Nf5 Qf7 30. Qc3 Kh7 31. c6 Bc8 32. Qc2 Qg6 33. N3h4 Qg5 34. Nd6+ g6 35. Nf7 Qxh4 36. Nxd8 Bf5 37. Rd1 Bxc2 38. Rd7+ Kg8 39. Nb7 Qg5 40. Rd8+ Kf7 41. Rd7+ Ke8 42. Rd8+ Ke7 43. Rd7+ Ke8 44. Rd8+ Ke7 45. Rd7+ Ke8 1/2-1/2


[Site "https://www.chess.com"]

[Event "Titled Tuesday Blitz January 17 Early 2023"]
[White "Houska, Jovanka"]
[Black "surrenderPLS"]
[WhiteFideId "405094"]
[WhiteElo "2338"]
[BlackElo "2491"]
[Result "1/2-1/2"]
[Round "05"]
[TimeControl "180+2"]
[Date "2023.01.17"]
[WhiteClock "0:00:10"]
[BlackClock "0:00:30"]

1. d4 Nf6 2. Nf3 g6 3. g3 Bg7 4. Bg2 O-O 5. O-O d6 6. b3 c6 7. Bb2 Nbd7 8. c4 e5 9. dxe5 dxe5 10. Nxe5 Ne8 11. Nd3 Bxb2 12. Nxb2 Qf6 13. Qc1 Nc5 14. Nc3 a5 15. Nba4 Nxa4 16. Nxa4 Bg4 17. Qc2 Nd6 18. h3 Bf5 19. e4 Be6 20. Rad1 Rad8 21. Qc3 Qxc3 22. Nxc3 b5 23. cxb5 Nxb5 24. Nxb5 cxb5 25. e5 b4 26. f4 a4 27. bxa4 Bxa2 28. a5 Rxd1 29. Rxd1 b3 30. a6 b2 31. a7 b1=Q 32. Rxb1 Bxb1 33. a8=Q Rxa8 34. Bxa8 Kg7 35. Kf2 f6 36. Ke3 fxe5 37. fxe5 Kf7 38. Bd5+ Ke7 39. Kf4 h6 40. h4 Bc2 41. Be4 g5+ 42. hxg5 hxg5+ 43. Ke3 Bd1 44. Bf5 Bh5 45. Ke4 Bd1 46. Kd4 Bf3 47. Kc5 Bd1 48. Bc8 Bf3 49. Kd4 Bd1 50. Ba6 Ke6 51. Bc4+ Ke7 52. Ke4 Bg4 53. Bb3 Bh3 54. Bd1 Bc8 55. Bc2 Ke6 56. Bb3+ Ke7 57. Bd5 Bh3 58. Kd4 Bf1 59. Be4 Bh3 60. Bf3 Bc8 61. Be2 Bb7 62. Bc4 Bc8 63. Ke4 Bg4 64. Bb3 Bh3 65. Ba4 Ke6 66. Bb3+ Ke7 1/2-1/2


[Site "https://www.chess.com"]

[Event "Titled Tuesday Blitz January 17 Early 2023"]
[White "Hoffmann, Asa"]
[Black "Khamdamova, Afruza"]
[WhiteFideId "2001470"]
[BlackFideId "14210444"]
[WhiteElo "2185"]
[BlackElo "2162"]
[Result "1-0"]
[Round "05"]
[TimeControl "180+2"]
[Date "2023.01.17"]
[WhiteClock "0:01:58"]
[BlackClock "0:00:02"]

1. d4 Nf6 2. Bg5 Ne4 3. Bf4 d5 4. f3 Nf6 5. e4 dxe4 6. Nc3 exf3 7. Nxf3 e6 8. Bc4 Bd6 9. Qd2 Bxf4 10. Qxf4 O-O 11. O-O-O c6 12. Ne5 b5 13. Bd3 a5 14. Rhf1 a4 15. a3 Bb7 16. Ne4 Nd5 17. Qg3 Nd7 18. Qh3 h6 19. Nxd7 Qxd7 20. Nc5 Qe7 21. g4 Rab8 22. Kb1 Rfd8 23. Qg3 Qg5 24. h4 Qe3 25. Rf3 Qxd4 26. Bh7+ Kxh7 27. Rxd4 1-0


[Site "https://www.chess.com"]

[Event "Titled Tuesday Blitz January 17 Early 2023"]
[White "Matveeva, Olga"]
[Black "Kvaloy, Aksel Bu"]
[WhiteFideId "24107018"]
[BlackFideId "1528815"]
[WhiteElo "2128"]
[BlackElo "2321"]
[Result "0-1"]
[Round "05"]
[TimeControl "180+2"]
[Date "2023.01.17"]
[WhiteClock "0:00:10"]
[BlackClock "0:00:27"]

1. d4 Nf6 2. c4 e6 3. g3 d5 4. Nf3 dxc4 5. Bg2 c6 6. Ne5 Bb4+ 7. Bd2 Be7 8. e3 b5 9. Nxc6 Nxc6 10. Bxc6+ Bd7 11. Bg2 O-O 12. O-O Rc8 13. Nc3 b4 14. Ne2 Bc6 15. Rc1 Bxg2 16. Kxg2 Nd5 17. e4 Nb6 18. Be3 a5 19. Qd2 Qd7 20. Rfd1 Rfd8 21. f3 Qb7 22. Nf4 e5 23. Ne2 exd4 24. Nxd4 Bf6 25. Qf2 Na4 26. a3 Nc5 27. axb4 axb4 28. Rxc4 Nxe4 29. Qc2 Nd6 30. Rxc8 Rxc8 31. Qb3 Nc4 32. Bf2 Ne5 33. Nf5 Qc6 34. Rd6 Qc4 35. Qd1 Qc2 36. Qxc2 Rxc2 37. Rb6 h6 38. Rxb4 Rxf2+ 39. Kg1 Rc2 40. Rb8+ Kh7 41. b4 Nxf3+ 42. Kf1 g6 43. Ne3 Nxh2+ 44. Ke1 Nf3+ 45. Kf1 Rb2 46. Nd5 Bd4 0-1


[Site "https://www.chess.com"]

[Event "Titled Tuesday Blitz January 17 Early 2023"]
[White "Goltseva, Ekaterina"]
[Black "Real_taiatai"]
[WhiteFideId "24173770"]
[WhiteElo "2283"]
[BlackElo "2315"]
[Result "1-0"]
[Round "05"]
[TimeControl "180+2"]
[Date "2023.01.17"]
[WhiteClock "0:00:10"]
[BlackClock "0:00:20"]

1. c4 e6 2. Nc3 d5 3. e3 Nf6 4. Nf3 Be7 5. b3 O-O 6. Bb2 c5 7. cxd5 Nxd5 8. Nxd5 Qxd5 9. Bc4 Qh5 10. g4 Qh3 11. Bf1 Qh6 12. h4 f6 13. Rg1 Nc6 14. Qc2 Nb4 15. Qc3 Qg6 16. d3 Rd8 17. e4 e5 18. g5 Qh5 19. Be2 Bg4 20. Rxg4 Qxg4 21. Nxe5 Qg1+ 22. Kd2 Qxf2 23. Rf1 Qxh4 24. Nf3 Qf4+ 25. Ke1 Qg3+ 26. Kd2 fxg5 27. a3 Bf6 28. Qc4+ Kh8 29. Bxf6 Qf4+ 30. Ke1 gxf6 31. axb4 cxb4 32. Nd4 Qg3+ 33. Kd2 Qe5 34. Nf5 Rac8 35. Qf7 Qc3+ 36. Ke3 Qc5+ 37. Kf3 Qf8 38. Qxb7 Rb8 39. Qxa7 Rbc8 40. Rh1 Qg8 41. Rh6 Rf8 42. Qe7 Rf7 43. Qe6 Qg7 44. Qd6 Rg8 45. Qe6 Qxh6 46. Nxh6 Rff8 47. Nf7+ Kg7 48. Nd6 Rd8 49. Qe7+ Kh6 50. Nf7+ Kh5 51. Nxd8 g4+ 52. Kg3 Kg5 53. Qf7 Rg7 54. Qf8 Rc7 55. Ne6+ Kh5 56. Nxc7 f5 57. Qxf5+ Kh6 58. Qf4+ Kg7 59. Qxg4+ Kh8 60. Qf4 h5 61. e5 Kg7 62. Qf6+ Kh7 63. e6 h4+ 64. Kh2 Kg8 65. e7 Kh7 66. e8=Q h3 67. Qeg6# 1-0


[Site "https://www.chess.com"]

[Event "Titled Tuesday Blitz January 17 Early 2023"]
[White "Manon-og, Ramon Jr."]
[Black "Shuvalov, Evgenij"]
[WhiteFideId "5200776"]
[BlackFideId "4187237"]
[WhiteElo "1999"]
[BlackElo "2038"]
[Result "0-1"]
[Round "05"]
[TimeControl "180+2"]
[Date "2023.01.17"]
[WhiteClock "0:00:49"]
[BlackClock "0:00:23"]

1. e4 e6 2. d4 d5 3. Nd2 c5 4. Ngf3 Nc6 5. Bb5 cxd4 6. Nxd4 Bd7 7. Nxc6 Bxc6 8. Bd3 Nf6 9. exd5 Qxd5 10. Nf3 Bb4+ 11. c3 Rd8 12. Be2 Qe4 13. Qb3 Bc5 14. Qc4 Qxc4 15. Bxc4 Ng4 16. O-O Nxf2 17. Rxf2 Rd1+ 18. Bf1 f6 19. b4 Bb6 20. Bb2 Bxf3 21. gxf3 Rd2 22. Bb5+ Ke7 23. Rf1 Rxb2 24. Kg2 Rxf2+ 25. Rxf2 Bxf2 26. Kxf2 Rd8 27. Ke2 Rd5 28. Bc4 Rh5 29. Ke3 Rxh2 30. f4 g5 31. fxg5 fxg5 32. a4 h5 33. a5 h4 34. Bd3 b6 35. axb6 axb6 36. Be4 g4 37. Kf4 g3 38. Kg4 Kf6 39. c4 Rb2 40. c5 g2 41. Bxg2 Rxg2+ 42. Kxh4 bxc5 43. bxc5 Rc2 44. c6 Rxc6 45. Kg4 Rc5 46. Kh4 Rg5 47. Kh3 e5 48. Kh4 e4 49. Kh3 e3 50. Kh4 e2 51. Kh3 e1=Q 52. Kh2 Qh4# 0-1


[Site "https://www.chess.com"]

[Event "Titled Tuesday Blitz January 17 Early 2023"]
[White "Bettalli, Francesco"]
[Black "Grot, Blazej"]
[WhiteFideId "2816453"]
[BlackFideId "21835845"]
[WhiteElo "2252"]
[BlackElo "1990"]
[Result "1-0"]
[Round "05"]
[TimeControl "180+2"]
[Date "2023.01.17"]
[WhiteClock "0:00:17"]
[BlackClock "0:00:09"]

1. d4 Nf6 2. Nc3 d5 3. Bg5 e6 4. e4 Be7 5. e5 Nfd7 6. Bxe7 Qxe7 7. f4 a6 8. Nf3 c5 9. dxc5 Nxc5 10. Bd3 Nc6 11. Qd2 b5 12. Ne2 Bb7 13. Ned4 Nxd4 14. Nxd4 Rc8 15. O-O Nd7 16. a3 Qc5 17. c3 Nb6 18. Qf2 Nc4 19. Kh1 O-O 20. Rae1 g6 21. b4 Qe7 22. f5 exf5 23. Bxf5 Rc7 24. e6 Kh8 25. Qg3 f6 26. Bxg6 hxg6 27. Qxg6 Qg7 28. Qd3 Rg8 29. Re2 Qg4 30. Rxf6 Rh7 31. Rf7 Rxf7 32. exf7 Rf8 33. Re8 Kg7 34. Nf5+ Kxf7 35. Nh6+ Kxe8 36. Nxg4 Nd6 37. h3 Ne4 38. Qd4 Ng3+ 39. Kh2 Nf1+ 40. Kg1 Ng3 41. Qe5+ Kd7 42. Qxg3 1-0


[Site "https://www.chess.com"]

[Event "Titled Tuesday Blitz January 17 Early 2023"]
[White "Kazancev, Valerij M"]
[Black "Sovetbekova, Nurai"]
[WhiteFideId "4179609"]
[BlackFideId "13801910"]
[WhiteElo "2313"]
[BlackElo "1764"]
[Result "1-0"]
[Round "05"]
[TimeControl "180+2"]
[Date "2023.01.17"]
[WhiteClock "0:00:13"]
[BlackClock "0:00:07"]

1. c4 e5 2. Nc3 Bb4 3. Qb3 Ba5 4. Nf3 Nc6 5. e3 Nf6 6. Be2 O-O 7. O-O e4 8. Ne1 Ne5 9. d3 exd3 10. Nxd3 Nxd3 11. Bxd3 d5 12. Nxd5 Nxd5 13. cxd5 Bb6 14. a4 a5 15. Qc2 Qxd5 16. Bxh7+ Kh8 17. Be4 Qh5 18. Ra3 c6 19. Bf3 Qh4 20. g3 Qh3 21. Rb3 Bc7 22. Bg2 Qh5 23. e4 Rd8 24. Be3 Rb8 25. Ba7 Ra8 26. Bb6 Bxb6 27. Rxb6 Rd6 28. Qc3 Bg4 29. Rxb7 Rad8 30. f3 Be6 31. e5 Rd2 32. Rb8 Rxb8 33. Qxd2 Qxe5 34. f4 Qxb2 35. Qxb2 Rxb2 36. Bxc6 Ra2 37. f5 Bc4 38. Rf4 Bb3 39. h4 Kh7 40. g4 g6 41. f6 Kh6 42. g5+ Kh5 43. Bf3# 1-0


[Site "https://www.chess.com"]

[Event "Titled Tuesday Blitz January 17 Early 2023"]
[White "Ortega Ruiz, Jose Miguel"]
[Black "TacticalSam94"]
[WhiteFideId "2209713"]
[WhiteElo "2351"]
[BlackElo "2382"]
[Result "0-1"]
[Round "05"]
[TimeControl "180+2"]
[Date "2023.01.17"]
[WhiteClock "0:01:43"]
[BlackClock "0:01:11"]

1. b3 d5 2. Bb2 Nf6 3. g3 Bf5 4. Bg2 c6 5. d3 e6 6. Nf3 Nbd7 7. h3 h6 8. Nh4 Bh7 9. O-O Be7 10. e4 O-O 11. e5 Ne8 12. Nf3 a5 13. a4 b5 14. Nd4 Qb6 15. Re1 Nc7 16. Kh2 Bc5 17. c3 b4 18. Nc2 Bxf2 19. Rf1 Bc5 20. d4 Be7 21. Ne3 c5 22. c4 Rad8 23. cxd5 exd5 24. Bxd5 cxd4 25. Bxd4 Bc5 26. Nc4 Qg6 27. Bf2 Bxf2 28. Rxf2 Nb6 29. Bxf7+ Qxf7 30. Rxf7 Rxd1 31. Rxc7 Rf2# 0-1


[Site "https://www.chess.com"]

[Event "Titled Tuesday Blitz January 17 Early 2023"]
[White "Ahmad, Al Khatib"]
[Black "Lakshmi C"]
[WhiteFideId "8103178"]
[BlackFideId "25035347"]
[WhiteElo "2344"]
[BlackElo "1928"]
[Result "0-1"]
[Round "05"]
[TimeControl "180+2"]
[Date "2023.01.17"]
[WhiteClock "0:00:03"]
[BlackClock "0:00:05"]

1. Nf3 Nf6 2. g3 g6 3. b3 Bg7 4. Bb2 O-O 5. Bg2 d6 6. d4 Nbd7 7. O-O Re8 8. c4 c6 9. Nbd2 e5 10. dxe5 dxe5 11. Ng5 Nc5 12. b4 Na4 13. Qxa4 Qxd2 14. Nf3 Qxb2 15. Rab1 Qxe2 16. Rfe1 Qxc4 17. Nxe5 Qb5 18. Qc2 Bf5 19. Qb3 Be6 20. Qc2 Bf5 21. Qb3 Rxe5 22. Rxe5 Qxe5 23. Rf1 Qc7 24. a4 Be6 25. Qb2 Nd5 26. Qb1 Nc3 27. Qc2 Nd5 28. b5 cxb5 29. Qd1 Qd7 30. axb5 Qxb5 31. Re1 Nb6 32. h4 Qd7 33. Qc1 Rc8 34. Qb1 Qc7 35. h5 Nc4 36. h6 Bh8 37. Qb4 Qd6 38. Rc1 Qxb4 39. Rd1 Qb2 40. Re1 Qd2 41. Rf1 Bd5 42. Bxd5 Qxd5 43. Re1 Qf3 44. Re3 Nxe3 45. fxe3 Rc1+ 46. Kh2 Rh1# 0-1


[Site "https://www.chess.com"]